[Event "Titled Tuesday Blitz February 15 Early 2022"]
[White "Janaszak, Dawid"]
[Black "Guseva, Marina"]
[WhiteFideId "1119206"]
[BlackFideId "4149351"]
[WhiteElo "2199"]
[BlackElo "2232"]
[Result "1-0"]
[Round "07"]
[TimeControl "180+1"]
[Date "2022.02.15"]
[WhiteClock "0:00:12"]
[BlackClock "0:00:02"]

1. e4 c5 2. Nc3 d6 3. f4 g6 4. Nf3 Bg7 5. Bc4 Nc6 6. O-O e6 7. d4 cxd4 8. Nb5 Nge7 9. Bb3 O-O 10. Nbxd4 Nxd4 11. Nxd4 b6 12. c3 Bb7 13. Qe1 Nc6 14. Be3 Na5 15. Bc2 Nc4 16. Bc1 e5 17. fxe5 dxe5 18. Nf3 Qc7 19. Kh1 Rac8 20. Qh4 f6 21. b3 Nd6 22. c4 b5 23. Ba3 bxc4 24. Rad1 Rfd8 25. Qg4 Nb5 26. Bb4 a5 27. Bd2 Na3 28. Rc1 Nxc2 29. Rxc2 Qd7 30. Qh4 cxb3 31. Rxc8 Rxc8 32. axb3 Rc2 33. Bxa5 Qb5 34. Ra1 Qxb3 35. Qg4 Bc8 36. Qg3 Qc4 37. Bd2 Qxe4 38. h3 Qc6 39. Be3 Bb7 40. Rd1 Re2 41. Bg1 Qc8 42. Qh4 1-0


[Site "https://www.chess.com"]

[Event "Titled Tuesday Blitz February 15 Early 2022"]
[White "Jobava, Baadur"]
[Black "Mamedyarov, Shakhriyar"]
[WhiteFideId "13601520"]
[BlackFideId "13401319"]
[WhiteElo "2617"]
[BlackElo "2769"]
[Result "1-0"]
[Round "07"]
[TimeControl "180+1"]
[Date "2022.02.15"]
[WhiteClock "0:00:15"]
[BlackClock "0:00:06"]

1. b3 Nf6 2. Bb2 g6 3. g3 Bg7 4. Bg2 O-O 5. c4 d6 6. d4 c5 7. Nf3 Ne4 8. Nbd2 Qa5 9. Qc1 Nc6 10. d5 Nxd2 11. Nxd2 Ne5 12. O-O b5 13. cxb5 Qxb5 14. Re1 a5 15. f4 Nd7 16. Bxg7 Kxg7 17. Qc3+ Kg8 18. e4 Qb4 19. Qe3 Nf6 20. h3 Bb7 21. a3 Qb5 22. Rab1 Rab8 23. Kh2 a4 24. b4 Nd7 25. e5 cxb4 26. Rxb4 Qc5 27. e6 Qxe3 28. Rxe3 Nc5 29. exf7+ Kxf7 30. Nf3 h6 31. Nd4 Ba8 32. Nc6 Rxb4 33. axb4 Nb3 34. Rxe7+ Kf6 35. Ra7 Nd2 36. Rxa4 Re8 37. Kg1 g5 38. fxg5+ hxg5 39. b5 Bb7 40. Ra7 Bc8 41. b6 Re1+ 42. Kf2 Rb1 43. Rc7 Ba6 44. Nb8 Rxb6 45. Nd7+ 1-0


[Site "https://www.chess.com"]

[Event "Titled Tuesday Blitz February 15 Early 2022"]
[White "Johnson, Ben"]
[Black "Ozdemir, Serhan Berat"]
[WhiteFideId "2010917"]
[BlackFideId "6374611"]
[WhiteElo "2208"]
[BlackElo "1920"]
[Result "1-0"]
[Round "07"]
[TimeControl "180+1"]
[Date "2022.02.15"]
[WhiteClock "0:00:07"]
[BlackClock "0:00:11"]

1. Nf3 Nf6 2. c4 g6 3. b3 Bg7 4. Bb2 O-O 5. g3 d6 6. d4 c6 7. Bg2 Qa5+ 8. Bc3 Qh5 9. O-O Bh3 10. Nbd2 Nbd7 11. e4 e5 12. Bxh3 Qxh3 13. Ng5 Qh5 14. Qxh5 Nxh5 15. d5 h6 16. Nh3 f5 17. f3 a5 18. Rad1 Nc5 19. Nf2 cxd5 20. cxd5 b5 21. Nb1 Nf6 22. exf5 gxf5 23. f4 Nfe4 24. Nxe4 Nxe4 25. Bb2 Rac8 26. Rc1 Nc5 27. Rfd1 e4 28. Bxg7 Kxg7 29. Na3 b4 30. Nc4 Nd3 31. Rc2 Rc5 32. Ne3 Rfc8 33. Rxc5 Rxc5 34. Nxf5+ Kf6 35. Nxd6 e3 36. Ne4+ Kf5 37. Nxc5 e2 38. Rb1 Nxc5 39. Kf2 e1=Q+ 40. Kxe1 Ke4 41. Rd1 Kf5 42. d6 Nd7 43. Kf2 Ke6 44. Kf3 a4 45. g4 axb3 46. axb3 h5 47. g5 Kf5 48. Kg3 Ke6 49. Kh4 Kf5 50. Kxh5 Nf8 51. g6 Nxg6 52. d7 Nxf4+ 53. Kh6 Ne6 54. d8=Q Nxd8 55. Rxd8 Ke4 56. Rb8 Ke5 57. Rxb4 1-0


[Site "https://www.chess.com"]

[Event "Titled Tuesday Blitz February 15 Early 2022"]
[White "Jones, Gawain C B"]
[Black "Gunina, Valentina"]
[WhiteFideId "409561"]
[BlackFideId "4167570"]
[WhiteElo "2657"]
[BlackElo "2465"]
[Result "0-1"]
[Round "07"]
[TimeControl "180+1"]
[Date "2022.02.15"]
[WhiteClock "0:00:02"]
[BlackClock "0:00:09"]

1. e4 c6 2. c4 d5 3. exd5 cxd5 4. cxd5 Nf6 5. Nc3 Nxd5 6. Nf3 Nc6 7. Bb5 e6 8. O-O Be7 9. Qa4 O-O 10. Nxd5 Qxd5 11. d4 Bd7 12. Be3 a6 13. Bc4 Qh5 14. Be2 Rfd8 15. Rac1 e5 16. dxe5 Nxe5 17. Qe4 Bd6 18. Nxe5 Qxe5 19. Qxe5 Bxe5 20. Bf3 Bb5 21. Bxb7 Rab8 22. Rfd1 Bxb2 23. Rb1 Bf6 24. Be4 g6 25. g3 Kg7 26. h4 h5 27. Kg2 Bc4 28. a3 Rxb1 29. Rxb1 Be7 30. a4 Bf6 31. Rb6 Rd1 32. Rc6 Bf1+ 33. Kf3 Be5 34. Bf4 Ba1 35. Bg5 Bh3 36. Rc7 Rd4 37. Bc2 Bg4+ 38. Kg2 Rd6 39. Bf4 Rf6 40. Bd3 Bd4 41. Rd7 Bc5 42. Be5 Bxd7 43. Bxa6 Bxa4 44. Bb7 Bd7 45. f3 Be7 46. g4 Kf8 47. Bxf6 Bxf6 48. g5 Be5 49. Kf2 Ke7 50. Kg2 Ke6 51. Ba6 Kd6 52. Bc4 Be6 53. Ba6 Bd5 54. Bd3 Kc5 55. Bc2 Kd4 56. Kf2 Kc3 57. Ba4 Kd2 58. Be8 Bd4+ 59. Kg3 Ke3 60. f4 Bc3 61. f5 gxf5 62. g6 fxg6 63. Bxg6 f4+ 64. Kh2 Bf3 65. Bf5 Bg4 66. Bc2 f3 67. Kg1 f2+ 68. Kg2 Bh3+ 69. Kg3 0-1


[Site "https://www.chess.com"]

[Event "Titled Tuesday Blitz February 15 Early 2022"]
[White "Jumabayev, Rinat"]
[Black "Gurevich, Dmitry"]
[WhiteFideId "13702661"]
[BlackFideId "2000407"]
[WhiteElo "2817"]
[BlackElo "2586"]
[Result "1-0"]
[Round "07"]
[TimeControl "180+1"]
[Date "2022.02.15"]
[WhiteClock "0:00:28"]
[BlackClock "0:00:03"]

1. e4 c5 2. Nf3 d6 3. d4 cxd4 4. Qxd4 a6 5. Be2 e6 6. O-O Nf6 7. Rd1 Be7 8. h3 Qc7 9. c4 b6 10. Nc3 Bb7 11. e5 dxe5 12. Nxe5 O-O 13. Bf4 Rd8 14. Qe3 Qc5 15. Na4 Qxe3 16. Bxe3 b5 17. Nb6 Ra7 18. cxb5 axb5 19. Nc8 Rxc8 20. Bxa7 b4 21. Rac1 Rxc1 22. Rxc1 Bd6 23. Rd1 Bd5 24. Nc4 Bc7 25. Bc5 Na6 26. Be7 Nb8 27. Bxb4 g5 28. b3 Ne4 29. a4 Nc6 30. Be1 Be5 31. Bf3 Bf6 32. Ne3 Nd4 33. Nxd5 exd5 34. Bxe4 dxe4 35. b4 1-0


[Site "https://www.chess.com"]

[Event "Titled Tuesday Blitz February 15 Early 2022"]
[White "Kabanov, Nikolai"]
[Black "Guz, Ari"]
[WhiteFideId "4127820"]
[BlackFideId "2825759"]
[WhiteElo "2304"]
[BlackElo "1913"]
[Result "0-1"]
[Round "07"]
[TimeControl "180+1"]
[Date "2022.02.15"]
[WhiteClock "0:00:01"]
[BlackClock "0:00:47"]

1. e4 c5 2. Nf3 e6 3. c3 d6 4. d4 cxd4 5. cxd4 Nf6 6. Nc3 Be7 7. Be2 O-O 8. O-O b6 9. e5 dxe5 10. dxe5 Nd5 11. Nxd5 Qxd5 12. Qxd5 exd5 13. Rd1 Be6 14. Nd4 Bc5 15. Be3 Nd7 16. f4 g6 17. Bf2 Rac8 18. Bf3 Rfd8 19. a3 Bxd4 20. Rxd4 Nc5 21. Rad1 Nb3 22. R4d3 Nc5 23. Bxc5 Rxc5 24. b4 Rc4 25. g3 d4 26. Be2 Rc2 27. Bf1 Ra2 28. Rxd4 Rxd4 29. Rxd4 Rxa3 30. Kf2 a5 31. bxa5 bxa5 32. Bd3 Ra2+ 33. Ke3 a4 34. Bc4 Ra3+ 35. Kd2 Bxc4 36. Rxc4 Ra2+ 37. Rc2 Ra1 38. Kc3 Kg7 39. Kb4 h5 40. Re2 Kh6 41. Rc2 h4 42. g4 Rf1 43. Rc4 Rf2 44. h3 Rf3 45. Kxa4 Rxh3 46. f5 Re3 47. Rc7 Rxe5 48. Rxf7 Re4+ 49. Kb3 Rxg4 50. fxg6 Kxg6 51. Rf8 Rd4 52. Rh8 Kg5 53. Kc3 Rd7 54. Rc8 Kg4 55. Rg8+ Kf3 56. Rf8+ Kg3 57. Rg8+ Kh2 58. Kc2 h3 59. Rg4 Kh1 60. Rg5 h2 61. Rg6 Rd4 62. Kc3 Rf4 63. Kd2 Rf2+ 64. Ke1 Rg2 65. Rf6 Ra2 66. Kf1 Ra5 67. Kf2 Rf5+ 0-1


[Site "https://www.chess.com"]

[Event "Titled Tuesday Blitz February 15 Early 2022"]
[White "Kalajzic, Ivan"]
[Black "Shtyka, Sergey"]
[WhiteFideId "14506378"]
[BlackFideId "4138465"]
[WhiteElo "2163"]
[BlackElo "2014"]
[Result "1-0"]
[Round "07"]
[TimeControl "180+1"]
[Date "2022.02.15"]
[WhiteClock "0:00:28"]
[BlackClock "0:00:01"]

1. b3 Nf6 2. Bb2 g6 3. Bxf6 exf6 4. c4 f5 5. Nc3 Bg7 6. g3 O-O 7. Bg2 d6 8. e3 c6 9. Nge2 Nd7 10. O-O Nf6 11. Rb1 Be6 12. d3 Qe7 13. b4 d5 14. cxd5 Nxd5 15. Nxd5 Bxd5 16. Bxd5 cxd5 17. d4 Rac8 18. Qa4 a6 19. Rfc1 Rc4 20. Rxc4 dxc4 21. b5 axb5 22. Qxb5 Rc8 23. Qxb7 Qxb7 24. Rxb7 c3 25. Nc1 Bf8 26. Rb3 f6 27. Kf1 Kf7 28. Ke2 Ke6 29. Kd3 c2 30. Rc3 Ra8 31. Rxc2 Ra6 32. h4 g5 33. hxg5 fxg5 34. Nb3 h5 35. Ke2 h4 36. gxh4 gxh4 37. Kf3 Bd6 38. Kg2 Kd5 39. f3 Ra8 40. Kh3 Re8 41. Re2 Bg3 42. Nd2 Ra8 43. Nf1 Bd6 44. Kxh4 Kc4 45. Kg5 f4 46. exf4 Kxd4 47. f5 Rg8+ 48. Kf6 Rg1 49. Rf2 Bb4 50. Ke6 Be1 51. f6 Bxf2 52. f7 Rxf1 53. f8=Q Re1+ 54. Kd7 Kd3 55. f4 Rd1 56. f5 Kc2+ 57. Kc6 Bd4 58. f6 Kb2 59. f7 Kxa2 60. Qa8+ Kb1 61. f8=Q Rc1+ 62. Kd5 Bb2 63. Qf5+ Rc2 64. Qa4 Bc1 65. Qfxc2# 1-0


[Site "https://www.chess.com"]

[Event "Titled Tuesday Blitz February 15 Early 2022"]
[White "Kejzar, Petra"]
[Black "Dilmukhametov, Artur"]
[WhiteFideId "14610213"]
[BlackFideId "24179922"]
[WhiteElo "2006"]
[BlackElo "2266"]
[Result "1-0"]
[Round "07"]
[TimeControl "180+1"]
[Date "2022.02.15"]
[WhiteClock "0:00:30"]
[BlackClock "0:00:31"]

1. e4 e6 2. d4 d5 3. Nd2 c5 4. exd5 cxd4 5. Ngf3 exd5 6. Bd3 Nf6 7. O-O Nc6 8. Nb3 Be7 9. Nbxd4 Nxd4 10. Nxd4 O-O 11. Bg5 h6 12. Bh4 Bd6 13. Qf3 Be5 14. c3 Bxd4 15. cxd4 Qd6 16. Bxf6 Qxf6 17. Qxf6 gxf6 18. Rfe1 Be6 19. Rac1 Rac8 20. Rc5 Rxc5 21. dxc5 Rc8 22. b4 a5 23. a3 axb4 24. axb4 Ra8 25. Rc1 Bd7 26. b5 Rc8 27. Kf1 Kf8 28. Ke2 Ke7 29. Ke3 b6 30. c6 Be6 31. Ra1 Kd6 32. Kd4 h5 33. Ra7 Rc7 34. Rxc7 Kxc7 35. h4 f5 36. Ke5 Bc8 37. Kxd5 f4 38. Ke5 Be6 39. Kxf4 Kd6 40. Kg5 Kc5 41. Kxh5 Kd4 42. Be2 Kc3 43. Kg5 Kd2 44. h5 Kxe2 45. h6 f6+ 46. Kxf6 Bc4 47. c7 Bd3 48. c8=Q Kxf2 49. Qc3 Ke3 50. h7 Ke4 51. h8=Q Bxb5 52. Qh4+ Kd5 53. Qhd4# 1-0


[Site "https://www.chess.com"]

[Event "Titled Tuesday Blitz February 15 Early 2022"]
[White "Kett, Tim"]
[Black "Shton, Roman"]
[WhiteFideId "1801210"]
[BlackFideId "14137461"]
[WhiteElo "2098"]
[BlackElo "2038"]
[Result "0-1"]
[Round "07"]
[TimeControl "180+1"]
[Date "2022.02.15"]
[WhiteClock "0:00:04"]
[BlackClock "0:00:56"]

1. e4 Nf6 2. e5 Nd5 3. d4 d6 4. c4 Nb6 5. f4 dxe5 6. fxe5 Nc6 7. Be3 Bf5 8. Nf3 e6 9. Nc3 Qd7 10. Be2 O-O-O 11. O-O Kb8 12. a4 a5 13. Nb5 f6 14. exf6 gxf6 15. Qd2 Bb4 16. Qc1 Bg4 17. h3 Bh5 18. Bf4 Rc8 19. Qe3 Rhe8 20. Rad1 Bxf3 21. Bxf3 Nxc4 22. Qb3 Nd6 23. Nxd6 cxd6 24. d5 Ne5 25. Bxe5 fxe5 26. dxe6 Qxe6 27. Bd5 Qh6 28. Rf7 Rc7 29. Rxc7 Kxc7 30. Rf1 Re7 31. Qc4+ Kb8 32. Rc1 Bc5+ 33. Kh1 Qe3 34. Rf1 Qd4 35. Qb3 Ka7 36. Qb5 Bb6 37. Bf3 e4 38. Rd1 Qc5 39. Qxc5 Bxc5 40. Bg4 e3 41. Kh2 Re4 42. Kg3 Rxa4 43. Kf3 Rb4 44. Bf5 h6 0-1


[Site "https://www.chess.com"]

[Event "Titled Tuesday Blitz February 15 Early 2022"]
[White "Khoroshev, Nikita"]
[Black "Selbes, Tarik"]
[WhiteFideId "14200287"]
[BlackFideId "6302513"]
[WhiteElo "2744"]
[BlackElo "2542"]
[Result "1-0"]
[Round "07"]
[TimeControl "180+1"]
[Date "2022.02.15"]
[WhiteClock "0:01:08"]
[BlackClock "0:00:57"]

1. d4 Nf6 2. c4 g6 3. Nc3 Bg7 4. e4 O-O 5. h3 d6 6. Be3 a6 7. Nf3 Nc6 8. Be2 Re8 9. O-O Rb8 10. d5 Ne5 11. Nxe5 dxe5 12. c5 e6 13. Bc4 exd5 14. exd5 Bf5 15. Qd2 b5 16. cxb6 cxb6 17. Bxa6 Ne4 18. Nxe4 Bxe4 19. Bb5 Re7 20. d6 Re6 21. Rfd1 Bf8 22. d7 Rd6 23. Qe2 Ba8 24. Rxd6 Bxd6 25. Rd1 Bf8 26. Qc4 Bc5 27. Qc3 Bxe3 28. Qxe3 Qf6 29. Re1 e4 30. Rd1 Rd8 31. Rd2 Qe6 32. a4 Bc6 33. Qxb6 e3 34. Qxd8+ 1-0


[Site "https://www.chess.com"]

[Event "Titled Tuesday Blitz February 15 Early 2022"]
[White "Khripachenko, Alexander"]
[Black "Mohammed, Dilshad"]
[WhiteFideId "54184975"]
[BlackFideId "5050421"]
[WhiteElo "2177"]
[BlackElo "2153"]
[Result "1-0"]
[Round "07"]
[TimeControl "180+1"]
[Date "2022.02.15"]
[WhiteClock "0:00:24"]
[BlackClock "0:00:02"]

1. d4 d5 2. c4 e6 3. Nf3 Nf6 4. Nc3 Be7 5. Bf4 O-O 6. e3 b6 7. cxd5 Nxd5 8. Bg3 Bb7 9. Bd3 Nd7 10. O-O N7f6 11. Rc1 c5 12. dxc5 Bxc5 13. Ne4 Nxe4 14. Bxe4 Qe7 15. Ne5 Nxe3 16. fxe3 Bxe3+ 17. Kh1 Bxe4 18. Rc4 Bg6 19. h4 Rac8 20. Nc6 Qb7 21. Qd6 Bc5 22. Rxc5 bxc5 23. Ne7+ Kh8 24. Nxc8 Rxc8 25. Be5 Be4 26. Rf2 Qd5 27. Qxd5 exd5 28. Rxf7 Rg8 29. Rxa7 c4 30. Rd7 h5 31. a4 Kh7 32. a5 Kh6 33. a6 Rf8 34. a7 Rf1+ 35. Kh2 Rf2 36. a8=Q Rxg2+ 37. Kh3 Rc2 38. Qh8+ Bh7 39. Qxg7# 1-0


[Site "https://www.chess.com"]

[Event "Titled Tuesday Blitz February 15 Early 2022"]
[White "Klinova, Masha"]
[Black "Ardila, Oscar Humberto"]
[WhiteFideId "2802015"]
[BlackFideId "4404742"]
[WhiteElo "2274"]
[BlackElo "1898"]
[Result "1-0"]
[Round "07"]
[TimeControl "180+1"]
[Date "2022.02.15"]
[WhiteClock "0:01:01"]
[BlackClock "0:00:03"]

1. e4 e5 2. Nf3 Nf6 3. Nc3 Nc6 4. Bb5 Bb4 5. d3 d6 6. O-O Bxc3 7. bxc3 O-O 8. Bxc6 bxc6 9. h3 h6 10. c4 c5 11. Rb1 Qe7 12. Nh2 g5 13. c3 Kg7 14. f3 Bd7 15. d4 Rfb8 16. Be3 Rb6 17. dxc5 dxc5 18. Qd2 Be6 19. Rb5 Bxc4 20. Bxc5 Qe6 21. Bxb6 axb6 22. Rb2 Bxf1 23. Nxf1 Qc4 24. Ne3 Qc5 25. Kh2 Kg6 26. c4 Ra3 27. Nf5 Ra8 28. Rb5 Qxc4 29. Rxe5 Qxa2 30. Qc3 Qf2 31. Ne7+ Kg7 32. Rf5 Ra2 33. Qxf6+ Kf8 34. Qxf7# 1-0


[Site "https://www.chess.com"]

[Event "Titled Tuesday Blitz February 15 Early 2022"]
[White "Kopylov, Alexander A."]
[Black "Poormosavi, Seyed Kian"]
[WhiteFideId "4164857"]
[BlackFideId "12585807"]
[WhiteElo "2760"]
[BlackElo "2565"]
[Result "1-0"]
[Round "07"]
[TimeControl "180+1"]
[Date "2022.02.15"]
[WhiteClock "0:01:18"]
[BlackClock "0:00:01"]

1. e4 c6 2. Nf3 d5 3. d3 dxe4 4. dxe4 Qxd1+ 5. Kxd1 Nf6 6. Nfd2 Nbd7 7. f3 e5 8. a4 Bc5 9. Nb3 Bb6 10. a5 Bc7 11. Be3 O-O 12. N1d2 Rd8 13. c3 Ne8 14. Kc2 Nd6 15. Nc4 Nxc4 16. Bxc4 Nf8 17. Nc5 Rb8 18. b4 b6 19. Nb3 Be6 20. Bxe6 Nxe6 21. axb6 axb6 22. Ra7 Rd7 23. Rd1 Rxd1 24. Kxd1 Kf8 25. Nd2 Ke8 26. Nc4 b5 27. Na5 Kd7 28. Ke2 f6 29. g3 Kd6 30. Nb7+ Kd7 31. Nc5+ Nxc5 32. Bxc5 Kc8 33. f4 exf4 34. gxf4 Rb7 35. Ra6 Bxf4 36. Rxc6+ Rc7 37. Ra6 Be5 38. Ra8+ Kb7 39. Ra5 Bxc3 40. Rxb5+ Kc8 41. Ra5 Rb7 42. Ra4 Kd7 43. Kd3 Be5 44. Ra2 g5 45. h3 h5 46. Kc4 Ke6 47. b5 g4 48. hxg4 hxg4 49. b6 g3 50. Kb5 f5 51. exf5+ Kxf5 52. Kc6 Rg7 53. b7 g2 54. Bg1 Rg6+ 55. Kd5 Rd6+ 56. Kc5 Rg6 57. Rf2+ Ke6 58. Re2 Rg8 59. Bh2 g1=Q+ 60. Bxg1 Kf5 61. Bh2 Bxh2 62. Rxh2 Ke6 63. Rd2 Ke7 64. Kb6 1-0


[Site "https://www.chess.com"]

[Event "Titled Tuesday Blitz February 15 Early 2022"]
[White "Korkmaz, Necmettin"]
[Black "Demchenko, Anton"]
[WhiteFideId "6303285"]
[BlackFideId "4160258"]
[WhiteElo "2480"]
[BlackElo "2873"]
[Result "0-1"]
[Round "07"]
[TimeControl "180+1"]
[Date "2022.02.15"]
[WhiteClock "0:00:38"]
[BlackClock "0:01:15"]

1. e4 e5 2. Nf3 Nc6 3. d4 exd4 4. Bc4 Nf6 5. O-O Nxe4 6. Re1 d5 7. Bxd5 Qxd5 8. Nc3 Qh5 9. Nxe4 Be6 10. Bg5 h6 11. Bf6 Qg6 12. Nh4 Qh7 13. Qh5 Kd7 14. Rad1 Re8 15. Bxd4 Kc8 16. Bc3 Be7 17. Nf3 Kb8 18. Qb5 a6 19. Qe2 Bf5 20. Nd4 Nxd4 21. Bxd4 Bb4 22. c3 Rxe4 23. Qxe4 Bxe4 24. cxb4 Qg6 25. g3 b6 26. Re3 Bb7 27. Bc3 Qc6 28. f3 Re8 29. Rde1 Rxe3 30. Rxe3 f6 31. h4 Qd5 32. g4 Qxa2 33. g5 hxg5 34. hxg5 Qb1+ 35. Kf2 fxg5 36. Bxg7 Qc2+ 37. Kg3 Qf5 38. Bc3 Qf4+ 39. Kf2 g4 40. Be5 g3+ 41. Ke2 Bxf3+ 42. Kd3 Qf5+ 0-1


[Site "https://www.chess.com"]

[Event "Titled Tuesday Blitz February 15 Early 2022"]
[White "Kornyukov, Alexey"]
[Black "Novikova, Galina"]
[WhiteFideId "4150457"]
[BlackFideId "4157095"]
[WhiteElo "2303"]
[BlackElo "1863"]
[Result "0-1"]
[Round "07"]
[TimeControl "180+1"]
[Date "2022.02.15"]
[WhiteClock "0:00:55"]
[BlackClock "0:00:22"]

1. e4 e6 2. d4 d5 3. Nc3 Bb4 4. exd5 exd5 5. Nf3 Nf6 6. Bd3 O-O 7. O-O Bg4 8. Bg5 c6 9. h3 Bh5 10. Be2 Nbd7 11. Ne5 Bg6 12. Nxd7 Qxd7 13. Bxf6 gxf6 14. Bd3 Kh8 15. Qf3 Qd6 16. a3 Ba5 17. b4 Bc7 18. g3 Rg8 19. Rfe1 Rg7 20. Bxg6 Rxg6 21. b5 Rag8 22. bxc6 Rxg3+ 23. fxg3 Rxg3+ 24. Qxg3 Qxg3+ 25. Kf1 Qf3+ 26. Kg1 Qxc3 27. cxb7 Qg3+ 28. Kf1 Qf3+ 29. Kg1 Bg3 30. Re8+ Kg7 31. Rf1 Qxa3 32. Kh1 Bd6 33. Rg1+ Kh6 34. Reg8 Qxh3# 0-1


[Site "https://www.chess.com"]

[Event "Titled Tuesday Blitz February 15 Early 2022"]
[White "Kozin, Yuri"]
[Black "Popadic, Dragan"]
[WhiteFideId "4129920"]
[BlackFideId "913650"]
[WhiteElo "2538"]
[BlackElo "2199"]
[Result "0-1"]
[Round "07"]
[TimeControl "180+1"]
[Date "2022.02.15"]
[WhiteClock "0:00:28"]
[BlackClock "0:00:10"]

1. e4 c5 2. Nf3 Nc6 3. d4 cxd4 4. Nxd4 Nf6 5. Nc3 e5 6. Ndb5 d6 7. Bg5 a6 8. Na3 b5 9. Nd5 Be7 10. Bxf6 Bxf6 11. c3 O-O 12. Nc2 Bg5 13. Be2 Be6 14. Qd3 Ne7 15. Ncb4 Nxd5 16. Nxd5 Rb8 17. O-O a5 18. a3 Kh8 19. Rad1 Qd7 20. Qc2 Rfc8 21. Qb3 h6 22. Rd3 Bd8 23. Rfd1 Bb6 24. Qa2 Ba7 25. Qb1 f5 26. Bf3 f4 27. b4 a4 28. Qa2 Qd8 29. Qe2 Qf8 30. h3 Rc4 31. Bg4 Bg8 32. h4 Qd8 33. h5 Qh4 34. Qf3 Bxf2+ 35. Qxf2 Qxg4 36. Qf3 Qh4 37. R3d2 Qg5 38. Kf2 Be6 39. Rh1 Bg4 40. Qd3 Bxh5 41. Ne7 Qxe7 42. Rxh5 Rbc8 43. Qxd6 Qxd6 44. Rxd6 Rxc3 45. Rxe5 Rc2+ 46. Kf3 R8c3+ 47. Kg4 Rxg2+ 48. Kf5 f3 49. Rd8+ Kh7 50. Ree8 Rg5+ 51. Ke6 f2 52. Rf8 Rg6+ 53. Ke7 Rf6 54. Rxf6 gxf6 55. Rd1 Re3 56. Rf1 f5 57. Kf6 fxe4 58. Kf5 Re2 59. Kf4 e3 60. Kf3 Re1 0-1


[Site "https://www.chess.com"]

[Event "Titled Tuesday Blitz February 15 Early 2022"]
[White "Krylov, Ivan"]
[Black "Lauridsen, Jesper Morch"]
[WhiteFideId "24128066"]
[BlackFideId "1401890"]
[WhiteElo "2258"]
[BlackElo "2205"]
[Result "1/2-1/2"]
[Round "07"]
[TimeControl "180+1"]
[Date "2022.02.15"]
[WhiteClock "0:01:49"]
[BlackClock "0:01:10"]

1. e4 e6 2. d4 d5 3. Nc3 Bb4 4. Bd3 dxe4 5. Bxe4 Nf6 6. Bf3 O-O 7. Ne2 c5 8. Be3 cxd4 9. Bxd4 Nc6 10. Bxc6 bxc6 11. O-O Ba6 12. Re1 Nd5 13. a3 Bd6 14. Ng3 c5 15. Be5 Bxe5 16. Rxe5 Nxc3 17. Qxd8 Rfxd8 18. bxc3 Rd5 19. Rxd5 exd5 20. Rd1 Bc4 21. f3 Rb8 22. Nf5 Rb2 1/2-1/2


[Site "https://www.chess.com"]

[Event "Titled Tuesday Blitz February 15 Early 2022"]
[White "Krysa, Leandro"]
[Black "Tari, Aryan"]
[WhiteFideId "116807"]
[BlackFideId "1510045"]
[WhiteElo "2490"]
[BlackElo "2567"]
[Result "0-1"]
[Round "07"]
[TimeControl "180+1"]
[Date "2022.02.15"]
[WhiteClock "0:00:02"]
[BlackClock "0:00:42"]

1. e4 c6 2. d4 d5 3. exd5 cxd5 4. Bd3 Nf6 5. h3 Nc6 6. c3 g6 7. Nf3 Bf5 8. Be2 Bg7 9. O-O Qc7 10. Re1 O-O 11. Nbd2 Ne4 12. Nh4 Be6 13. Nhf3 Bf5 14. Nh4 Be6 15. Nhf3 Rad8 16. Nf1 f5 17. Ng5 Bc8 18. f3 Nd6 19. Bd3 e5 20. dxe5 Nxe5 21. Bf4 Ndc4 22. Qe2 Rfe8 23. b3 Nd6 24. h4 Qxc3 25. Bb5 Qc5+ 26. Kh1 Qxb5 27. Qxb5 Nxb5 28. Red1 d4 29. Nd2 Nc3 30. Re1 Nd3 31. Rxe8+ Rxe8 32. Bc7 h6 33. Nh3 Be5 34. Nc4 Bxc7 0-1


[Site "https://www.chess.com"]

[Event "Titled Tuesday Blitz February 15 Early 2022"]
[White "Kuznecovs, Nikita"]
[Black "Carrasco Miranda, Andres"]
[WhiteFideId "11604557"]
[BlackFideId "3405990"]
[WhiteElo "2127"]
[BlackElo "2177"]
[Result "1-0"]
[Round "07"]
[TimeControl "180+1"]
[Date "2022.02.15"]
[WhiteClock "0:01:56"]
[BlackClock "0:01:32"]

1. Nf3 Nf6 2. c4 g6 3. Nc3 d5 4. cxd5 Nxd5 5. e4 Nxc3 6. bxc3 Bg7 7. Bc4 O-O 8. O-O c5 9. Rb1 b6 10. Bd5 Ba6 11. Bxa8 Bxf1 12. Qxf1 Nd7 13. Bc6 Nf6 14. d3 Qc8 15. Ba4 Qa6 16. Bb3 Rd8 17. Bc4 Qb7 18. Bf4 Nh5 19. Be3 Bxc3 20. Bxc5 Nf4 21. Be3 e5 22. Ng5 Rf8 23. g3 Nh5 24. Qh3 Qe7 25. Rb5 Bd4 26. Bxd4 exd4 27. Rd5 Nf6 28. Rxd4 h5 29. Qh4 Ng4 30. Nxf7 Qxh4 31. gxh4 Rxf7 32. Rd7 Ne5 33. Rxf7 Nxf7 34. f4 Kf8 35. Bxf7 Kxf7 36. Kf2 b5 37. Ke3 Ke6 38. Kd4 Kd6 39. Kc3 a5 40. d4 Kc6 41. a3 Kd6 42. d5 Kc5 43. Kd3 b4 44. axb4+ Kxb4 45. d6 a4 46. d7 1-0


[Site "https://www.chess.com"]

[Event "Titled Tuesday Blitz February 15 Early 2022"]
[White "Lakshmi C"]
[Black "Stromboli, Ettore"]
[WhiteFideId "25035347"]
[BlackFideId "813761"]
[WhiteElo "1775"]
[BlackElo "2414"]
[Result "0-1"]
[Round "07"]
[TimeControl "180+1"]
[Date "2022.02.15"]
[WhiteClock "0:00:04"]
[BlackClock "0:01:34"]

1. f4 e6 2. Nf3 c5 3. g3 f5 4. Bg2 Nf6 5. d3 Nc6 6. e3 b6 7. O-O Bb7 8. Qe2 Be7 9. Nbd2 O-O 10. e4 fxe4 11. dxe4 Nb4 12. c4 d5 13. exd5 exd5 14. Qe6+ Kh8 15. Ng5 Qe8 16. Ndf3 Ne4 17. Nxe4 dxe4 18. Nd2 Bf6 19. Qh3 Nc2 20. Rb1 Ne3 21. Re1 Bd4 22. Kh1 Nxg2 23. Qxg2 Qf7 24. Nxe4 Rae8 25. Bd2 Qf5 26. g4 Qxe4 27. Rxe4 Bxe4 28. Qxe4 Rxe4 29. f5 Rxg4 30. h3 0-1


[Site "https://www.chess.com"]

[Event "Titled Tuesday Blitz February 15 Early 2022"]
[White "Lazavik, Denis"]
[Black "Daneshvar, Bardiya"]
[WhiteFideId "13515110"]
[BlackFideId "12576468"]
[WhiteElo "2436"]
[BlackElo "2295"]
[Result "1-0"]
[Round "07"]
[TimeControl "180+1"]
[Date "2022.02.15"]
[WhiteClock "0:01:10"]
[BlackClock "0:00:09"]

1. d4 d5 2. c4 c6 3. Nf3 Nf6 4. Qc2 dxc4 5. Qxc4 Bf5 6. g3 e6 7. Bg2 Nbd7 8. O-O Be7 9. Nbd2 Ne4 10. Qb3 Qb6 11. Nc4 Qxb3 12. axb3 Nd6 13. Bf4 Nxc4 14. bxc4 O-O 15. Nd2 e5 16. Bxe5 Nxe5 17. dxe5 Rfd8 18. Nb3 Be6 19. Na5 Rab8 20. Bxc6 bxc6 21. Nxc6 Bc5 22. b4 Bf8 23. c5 Bc4 24. Nxd8 Rxd8 25. Rxa7 g5 26. Rc1 Bxe2 27. c6 Bf3 28. c7 Rc8 29. b5 g4 30. b6 Bh6 31. b7 Bxb7 32. Rxb7 1-0


[Site "https://www.chess.com"]

[Event "Titled Tuesday Blitz February 15 Early 2022"]
[White "Leve, Nitai"]
[Black "Barp, Alberto"]
[WhiteFideId "2006898"]
[BlackFideId "872555"]
[WhiteElo "2144"]
[BlackElo "2229"]
[Result "1-0"]
[Round "07"]
[TimeControl "180+1"]
[Date "2022.02.15"]
[WhiteClock "0:01:27"]
[BlackClock "0:01:14"]

1. e4 c6 2. d4 d5 3. e5 Bf5 4. h4 h5 5. Bd3 Bxd3 6. Qxd3 e6 7. Bg5 Qa5+ 8. Nd2 Qa6 9. c4 Ne7 10. Ngf3 Nf5 11. O-O Nd7 12. Qc2 f6 13. exf6 gxf6 14. Rfe1 Kf7 15. Rxe6 Ng7 16. Re3 fxg5 17. Nxg5+ Kg8 18. Qg6 1-0


[Site "https://www.chess.com"]